 Dungeon Crawl Stone Soup version 0.16.1-51-g6203257 (webtiles) character file.

175 RepoMan the Grasshopper (level 5, 0/41 HPs)
             Began as a Ghoul Warper on Aug 10, 2015.
             Slain by a scorpion (7 damage)
             ... on level 4 of the Dungeon.
             The game lasted 00:27:39 (3561 turns).

RepoMan the Grasshopper (Ghoul Warper)              Turns: 3561, Time: 00:27:39

Health: 0/41       AC:  7    Str: 16    XL:     5   Next: 55%
Magic:  1/10       EV: 11    Int:  8    God:
Gold:   202        SH:  0    Dex:  8    Spells: 3 memorised, 5 levels left

rFire  . . .     SeeInvis .     a - +0 mace
rCold  + . .     Clarity  .     b - +0 leather armour
rNeg   + + +     SustAb   .     (no shield)
rPois  ∞         Gourm    .     q - +0 helmet
rElec  .         Spirit   .     j - +0 cloak
rCorr  .         Warding  .     p - +1 pair of gloves
rMut   .         Stasis   .     (no boots)
MR     .....                    (no amulet)
Stlth  +.........               (no ring)
                                (no ring)

@: shrouded, very slightly contaminated, rotting, not resistant to hostile
enchantments, very unstealthy
A: rotting body, claws 1, carnivore 3, cold resistance 1, negative energy
resistance 3, poison resistance, slow healing 1, torment resistance, unbreathing
a: no special abilities


You were on level 4 of the Dungeon.
You were not hungry.

You visited 1 branch of the dungeon, and saw 4 of its levels.

You collected 282 gold pieces.
You spent 80 gold pieces at shops.

Inventory:

Hand weapons
 a - a +0 mace (weapon)
Missiles
 e - 4 tomahawks of dispersal (quivered)
 r - 17 poisoned needles
 v - 4 needles of slowing
Armour
 b - a +0 leather armour (worn)
 j - a +0 cloak (worn)
 o - a +1 robe of magic resistance
 p - a +1 pair of gloves (worn)
 q - a +0 helmet (worn)
Jewellery
 n - an uncursed ring of fire
Magical devices
 k - a wand of slowing (38)
 w - a wand of draining (0)
Scrolls
 d - a scroll of blinking
 g - a scroll of identify
 h - a scroll of fear
 m - a scroll of teleportation
 u - 2 scrolls of amnesia
Potions
 f - a potion of brilliance {unknown}
 i - a potion of mutation {unknown}
 l - a potion of curing {unknown}
Books
 c - a book of Spatial Translocations

   Spells                             Type                      Level
   a - Apportation                    Translocation                1
   b - Blink                          Translocation                2
   c - Shroud of Golubria             Charms/Translocation         2
   d - Portal Projectile              Translocation                3
   e - Teleport Other                 Translocation                3
   f - Passage of Golubria            Translocation                4
Comestibles
 x - 2 chunks of flesh


   Skills:
 - Level 2.1 Fighting
 + Level 2.9 Maces & Flails
 - Level 0.8 Throwing
 + Level 2.1 Armour
 - Level 1.7 Dodging
 * Level 3.1 Spellcasting
 + Level 3.3 Translocations


You had 5 spell levels left.
You knew the following spells:

 Your Spells              Type           Power        Failure   Level  Hunger
a - Apportation           Tloc           #.........   12%         1    ##.....
b - Blink                 Tloc           N/A          17%         2    ###....
c - Shroud of Golubria    Chrm/Tloc      #.........   34%         2    ###....


Dungeon Overview and Level Annotations

Branches:
Dungeon (4/15)
 Temple: D:4-7

Altars:
Cheibriados
Ru

Shops:
D:4 ![

Annotations:
D:2 1 exclusion
D:3 Sigmund


Innate Abilities, Weirdness & Mutations

Your body is rotting away.
You thrive on raw meat.
You have sharp fingernails.
You are carnivorous and can eat meat at any time.
Your flesh is cold resistant.
You are immune to negative energy.
Your system is resistant to poisons.
You heal slowly when monsters are visible.
You are immune to unholy pain and torment.
You can survive without breathing.


Message History

You blink.
Casting: Blink
Confirm with . or Enter, or press ? or * to list all spells.
You blink.
Throwing (i - inventory):
e - 5 tomahawks of dispersal (quivered)
Press: ? - help, Shift-Dir - straight line, f - scorpion
Aim: a scorpion (translocational energy, almost dead)
You throw a tomahawk of dispersal.
The tomahawk of dispersal hits the scorpion but does no damage.
The scorpion is almost dead.
Casting: Blink
Confirm with . or Enter, or press ? or * to list all spells.
You miscast Shroud of Golubria.
You are very lightly contaminated with residual magic.
Nothing appears to happen.
Casting: Shroud of Golubria
Confirm with . or Enter, or press ? or * to list all spells.
Space distorts slightly along a thin shroud covering your body.
The scorpion stings you!
You die...

####
#.#.#
#.#.#
#.#.#
#.#.#
#.#.#
.
#.#.#
.#
)#.#
.#
#s# #
#@#
#.#
#.#
#..
###


You could see a scorpion.

Vanquished Creatures
  Jessica (D:2)
  4 adders
  2 gnolls
  3 worms
  2 giant geckos
  An ooze (D:2)
  An orc (D:4)
  3 ball pythons (D:3)
  14 bats
  A giant cockroach (D:2)
  6 hobgoblins
  A quokka (D:2)
  2 giant newts
  10 goblins
  5 jackals
  17 kobolds
  10 rats
  A bush (D:1)
84 creatures vanquished.

Vanquished Creatures (others)
  A giant cockroach (D:3)
1 creature vanquished.

Grand Total: 85 creatures vanquished

Notes
Turn   | Place    | Note
--------------------------------------------------------------
     0 | D:1      | RepoMan, the Ghoul Warper, began the quest for the Orb.
     0 | D:1      | Reached XP level 1. HP: 17/17 MP: 2/2
    26 | D:1      | Reached skill level 1 in Armour
   251 | D:1      | Reached XP level 2. HP: 15/24 MP: 3/3
   657 | D:1      | Reached XP level 3. HP: 22/29 MP: 6/6
  1056 | D:1      | Learned a level 2 spell: Blink
  1128 | D:1      | Reached skill level 3 in Translocations
  1573 | D:2      | Found a snail-covered altar of Cheibriados.
  1694 | D:2      | Learned a level 2 spell: Shroud of Golubria
  1708 | D:2      | Reached XP level 4. HP: 16/36 MP: 3/7
  1741 | D:2      | Noticed Jessica
  1779 | D:2      | Killed Jessica
  2365 | D:3      | Reached XP level 5. HP: 36/41 MP: 9/9
  2994 | D:3      | Noticed Sigmund
  3024 | D:4      | Found Scharghui's Distillery.
  3365 | D:4      | Found a sacrificial altar of Ru.
  3393 | D:4      | Found Pnutt's Antique Armour Emporium.
  3421 | D:4      | Bought a shiny ring mail for 80 gold pieces
  3561 | D:4      | Slain by a scorpion

Action                   |  1- 3 |  4- 6 || total
-------------------------+-------+-------++-------
Melee: Mace              |   221 |   194 ||   415
Throw: Throwing net      |       |     1 ||     1
       Tomahawk          |       |     1 ||     1
 Cast: Shroud of Golubri |     2 |     9 ||    11
       Blink             |       |     7 ||     7
       Apportation       |       |     2 ||     2
Evoke: Wand              |       |     1 ||     1
  Use: Scroll            |       |     7 ||     7
  Eat: Chunk             |    12 |    22 ||    34
